 Dungeon Crawl Stone Soup version 0.24.0-13-gcf9b319 (webtiles) character file.

Game seed: 16557047734679176878, levelgen mode: deterministic

51 Bronimir the Sneak (level 3, 0/19 HPs)
             Began as a Vampire Enchanter on Mar 31, 2020.
             Hit by a stone thrown by a kobold (3 damage)
             ... on level 2 of the Dungeon.
             The game lasted 00:02:01 (1048 turns).

Bronimir the Sneak (Vampire Enchanter)              Turns: 1048, Time: 00:02:01

Health: 0/19       AC:  3    Str:  8    XL:     3   Next: 57%
Magic:  1/6        EV: 12    Int: 17    God:
Gold:   65         SH:  0    Dex: 14    Spells: 0/6 levels left

rFire    . . .     SeeInvis +   a - +1 dagger
rCold    + + .     Gourm    .   (no shield)
rNeg     + + +     Faith    .   j - +0 leather armour
rPois    ∞         Spirit   .   (no helmet)
rElec    .         Reflect  .   (no cloak)
rCorr    .         Harm     .   (no gloves)
MR       .....                  (no boots)
Stlth    +++++.....             (no amulet)
HPRegen  0.00/turn              (no ring)
MPRegen  0.10/turn              (no ring)

@: bloodless, regenerating quickly
A: no food, fangs 3, see invisible, unbreathing
a: Bat Form, Revivify


You were on level 2 of the Dungeon.
You were bloodless.

You visited 1 branch of the dungeon, and saw 2 of its levels.

You collected 65 gold pieces.

Inventory:

Hand Weapons
 a - a +1 dagger (weapon)
Missiles
 e - 41 stones (quivered)
Armour
 b - a +0 robe
 f - a +0 ring mail
 j - a +0 leather armour (worn)
Jewellery
 i - an uncursed ring of magical power {unknown}
Scrolls
 g - 2 scrolls of identify {unknown}
 h - a scroll of enchant weapon {unknown}
 k - a scroll of enchant armour {unknown}
 l - a scroll of teleportation {unknown}
 n - a scroll of remove curse {unknown}
Potions
 c - a potion of heal wounds {unknown}
 d - a potion of curing {unknown}
 m - 2 potions of magic {unknown}


   Skills:
 * Level 1.5 Short Blades
 * Level 0.4 Armour
 + Level 2.2 Dodging
 * Level 6.1 Stealth
 + Level 2.0 Spellcasting
 * Level 4.9 Hexes


You couldn't memorise any spells.
You knew the following spells:

 Your Spells              Type           Power        Failure   Level  Hunger
a - Corona                Hex            ###....      3%          1    N/A
b - Ensorcelled Hibernat  Hex/Ice        ##....       16%         2    N/A
c - Confuse               Hex            ###.....     11%         3    N/A

Your spell library contained the following spells:

 Spells                   Type           Power        Failure   Level  Hunger
 Tukima's Dance           Hex            ###.....     11%         3    N/A
 Dazzling Spray           Conj/Hex       ##....       30%         3    N/A

Dungeon Overview and Level Annotations

Branches:
Dungeon (2/15)

Altars:


Innate Abilities, Weirdness & Mutations

You do not eat.
You do not regenerate when monsters are visible.
You are frail without blood (-20% HP).
You can heal yourself when you bite living creatures.
You are immune to poison.
You have razor-sharp teeth.
You have supernaturally acute eyesight. (SInv)
You can survive without breathing.


Message History

You don't have enough magic to cast that spell.
Unknown command.
You are too injured to fight recklessly!
You are too injured to fight recklessly!
You are too injured to fight recklessly!
You are too injured to fight recklessly!
You hit the kobold but do no damage. The kobold completely misses you.
You completely miss the kobold. You bite the kobold, but do no damage.
The kobold barely misses you.
You hit the kobold but do no damage. You closely miss the kobold.
The kobold hits you with a +0 short sword.
* * * LOW HITPOINT WARNING * * *
You hit the kobold.
The kobold is heavily wounded.
The kobold hits you but does no damage.
The kobold throws a stone.
The stone closely misses you.
The kobold throws a stone.
The stone barely misses you.
The kobold throws a stone.
The stone hits you.
You die...

#####.###..#
#.#######..
#.#.#.# #.#
#..... #.##.##
#.# #.##.#
#.##..# #.#
#.##.#
#K###)####.#
#.##.#
#........#.#
##.##.#
#........#.#
#......
#........#.#
#..####
#(.@.......#
#..#
####......†###
#..####
#...........#
#......
#.###..†(...#
#.####.
##.###### ..
#.. ## P♣♣ .P
.♣.


You could see a kobold.

Vanquished Creatures
  2 adders (D:2)
  2 leopard geckos
  3 giant cockroaches
  4 goblins
  5 hobgoblins
  3 kobolds
  A quokka (D:2)
  5 bats
  A frilled lizard (D:2)
  3 rats
29 creatures vanquished.

Notes
Turn   | Place    | Note
-------+----------+-------------------------------------------
     0 | D:1      | Bronimir the Vampire Enchanter began the quest for the Orb.
     0 | D:1      | Reached XP level 1. HP: 13/13 MP: 3/3
   249 | D:1      | Reached XP level 2. HP: 15/15 MP: 5/5
   415 | D:1      | Reached skill level 5 in Stealth
   438 | D:1      | Learned a level 2 spell: Ensorcelled Hibernation
   747 | D:2      | Reached XP level 3. HP: 19/19 MP: 6/6
   974 | D:2      | Learned a level 3 spell: Confuse
   984 | D:2      | Reached skill level 6 in Stealth
  1048 | D:2      | Hit by a stone thrown by a kobold

Levels and vault maps discovered:
D:1:      lightli_arrival_windingriver, layout_loops_ring
D:2:      layout_loops_ring, serial_forest, infiniplex_forest_lined_corner,
          infiniplex_forest_clump_tiny, infiniplex_forest_corner_1,
          infiniplex_forest_clump_medium, infiniplex_forest_lined_corner,
          infiniplex_forest_end_2, infiniplex_forest_corner_1, dk_xom_monty_hall

Skill      XL: |  1  2  3 |
---------------+----------+-----
Stealth        | 5 6 |  6.1
Short Blades   | |  1.5
Armour         | |  0.4
Dodging        | |  2.2
Spellcasting   | |  2.0
Hexes          | |  4.9

Action                   || total
-------------------------++-------
Melee: Dagger            ||    75
       Bite              ||     2
 Cast: Ensorcelled Hiber ||     4
       Corona            ||     1
 Abil: Exsanguinate      ||     1
 Stab: Sleeping          ||    21
Armor: Leather armour    ||    13
       Robe              ||     1
Dodge: Dodged            ||    47
